 Dungeon Crawl Stone Soup version 0.25-a0-886-gd7461d2276 (webtiles) character file.

Game seed: 6193425752078665016, levelgen mode: deterministic

773 Maedhros the Insei (level 7, -5/39 HPs)
             Began as an Octopode Artificer on May 1, 2020.
             Was a Believer of Cheibriados.
             Slain by a gnoll
             ... wielding a +0 spear
              (10 damage)
             ... on level 3 of the Dungeon.
             The game lasted 00:06:46 (2745 turns).

Maedhros the Insei (Octopode Artificer)             Turns: 2745, Time: 00:06:47

Health: -5/39      AC:  2    Str: 15 (17) XL:     7   Next: 83%
Magic:  9/9        EV: 14    Int: 15 (16) God:    Cheibriados [**....]
Gold:   168        SH:  0    Dex: 18 (19) Spells: 6/6 levels left

rFire    + . .     SeeInvis +     - Unarmed
rCold    . . .     Gourm    .   (no shield)
rNeg     . . .     Faith    .   (helmet restricted)
rPois    .         Spirit   .   o - amulet of the acrobat
rElec    +         Reflect  .   (no ring)
rCorr    .         Harm     .   (no ring)
MR       .....                  (no ring)
Stlth    ++++......             (no ring)
HPRegen  0.13/turn              (no ring)
MPRegen  0.11/turn              (no ring)
                                (no ring)
                                (no ring)

@: very slow
A: almost no armour, stealthy swim, amphibious, 8 rings, constrict 8, fangs 1,
rugged brown scales 1, camouflage 1, see invisible, dopey 1, fire resistance 1,
frail 1, electricity resistance, gelatinous body 1
a: Bend Time, Renounce Religion


You were on level 3 of the Dungeon.
You worshipped Cheibriados.
Cheibriados was pleased with you.
You were not hungry.

You visited 2 branches of the dungeon, and saw 5 of its levels.
You also visited: Ossuary.

You collected 168 gold pieces.

Inventory:

Missiles
 i - 11 poisoned darts (quivered)
 k - 5 javelins
Jewellery
 o - an amulet of the acrobat (around mantle)
Wands
 c - a wand of enslavement (7)
 d - a wand of random effects (9)
Scrolls
 a - 2 scrolls of enchant weapon
 g - a scroll of enchant armour
 m - a scroll of remove curse
 n - 2 scrolls of blinking {unknown}
 p - a scroll of magic mapping
 q - 2 scrolls of fear
 r - 5 scrolls of teleportation
Potions
 b - a potion of lignification {unknown}
 e - 2 potions of brilliance
 h - a potion of might
 j - 2 potions of curing
 l - 3 potions of heal wounds
 s - 2 potions of berserk rage {unknown}
 t - a potion of stabbing {unknown}
Comestibles
 f - 10 rations
 u - 2 chunks of flesh


   Skills:
 - Level 1.0 Fighting
   Level 1.0 Short Blades
 - Level 2.0 Dodging
 - Level 4.0 Stealth
 + Level 7.9 Unarmed Combat
 - Level 3.2 Evocations


You had 6 spell levels left.
You didn't know any spells.
Your spell library was empty.

Dungeon Overview and Level Annotations

Branches:
Dungeon (4/15)             Temple (1/1) D:4         Ossuary (visited)

Altars:
Cheibriados
Dithmenos
Elyvilon
Hepliaklqana
Kikubaaqudgha
Okawaru
Qazlal
Ru
Sif Muna
Vehumet
Wu Jian
Xom

Shops:
D:4 (


Innate Abilities, Weirdness & Mutations

You cannot wear most types of armour.
You are very stealthy in the water. (Stealth+)
You are amphibious.
You can wear up to eight rings at the same time.
You can use your tentacles to constrict eight enemies at once.
Your skin changes colour to match your surroundings (Stealth+).
Your rubbery body absorbs attacks. (AC +1, EV +1)
You have very sharp teeth.
You are partially covered in rugged brown scales. (AC +1, +3% HP)
You have supernaturally acute eyesight. (SInv)
You are dopey. (Int -2)
Your flesh is heat resistant. (rF+)
You are frail. (-10% HP)
You are resistant to electric shocks. (rElec)


Message History

Cheibriados appreciates the change of pace.
The gnoll misses you.
The gnoll hits you from afar with a +0 spear!
The gnoll closely misses you.
You bludgeon the gnoll! Your grab misses the gnoll.
The gnoll is heavily wounded.
The gnoll barely misses you. The gnoll completely misses you.
The gnoll hits you with a +0 club.
Evoke which item? (* to show all) (? for menu, Esc to quit)
Aiming: Enslavement
Press: ? - help, Shift-Dir - straight line The gnoll struggles to resist.
The gnoll closely misses you. The gnoll misses you.
Evoke which item? (* to show all) (? for menu, Esc to quit)
Aiming: Enslavement
Press: ? - help, Shift-Dir - straight line The gnoll struggles to resist.
The gnoll hits you with a +0 club!
* * * LOW HITPOINT WARNING * * *
The gnoll hits you with a +0 spear!
You die...

#. ..# #.# #.# # #.# ###.#####.#
#.........#######
#...............#
#......@..#####.# #.....gg).#
##.# #.....g(..####..##
#.........#......#
#........##.##..<# #........##
#...#
##########........##.##)..#######
.................................
........## ########........


You could see 3 gnolls.

Vanquished Creatures
  A phantom (D:4)
  2 ogres (D:4)
  An elf zombie (Ossuary)
  2 centaur zombies (Ossuary)
  A human zombie (Ossuary)
  Crazy Yiuf (D:3)
  2 ogre zombies (Ossuary)
  5 mummies (Ossuary)
  2 hound skeletons (D:4)
  5 gnolls (D:3)
  4 adders
  2 worms
  4 adder zombies (Ossuary)
  2 dart slugs
  3 leopard geckos
  4 orcs (D:4)
  5 bats
  5 giant cockroaches
  2 goblins (D:2)
  7 hobgoblins
  2 jackals (D:3)
  2 quokkas (D:2)
  7 frilled lizards
  2 goblin zombies (Ossuary)
  2 hobgoblin zombies (Ossuary)
  7 kobolds
  4 kobold zombies (Ossuary)
  An orc zombie (Ossuary)
  4 quokka zombies (Ossuary)
  6 rats
  6 rat zombies (Ossuary)
103 creatures vanquished.

Vanquished Creatures (collateral kills)
  A centaur zombie (Ossuary)
  2 mummies (Ossuary)
3 creatures vanquished.

Vanquished Creatures (others)
  An adder (D:2)
  A leopard gecko (D:2)
2 creatures vanquished.

Grand Total: 108 creatures vanquished

Notes
Turn   | Place    | Note
-------+----------+-------------------------------------------
     0 | D:1      | Maedhros the Octopode Artificer began the quest for the
                  | Orb.
     0 | D:1      | Reached XP level 1. HP: 13/13 MP: 3/3
    62 | D:1      | Reached XP level 2. HP: 3/18 MP: 4/4
   353 | D:2      | Reached XP level 3. HP: 7/23 MP: 5/5
   464 | D:2      | Reached skill level 1 in Unarmed Combat
   718 | D:3      | Reached skill level 2 in Unarmed Combat
   743 | D:4      | Noticed a phantom
   746 | D:4      | Reached XP level 4. HP: 19/28 MP: 6/6
   787 | D:4      | Killed a phantom
   787 | D:4      | Reached skill level 4 in Unarmed Combat
   787 | D:4      | Reached XP level 5. HP: 5/33 MP: 7/7
   841 | D:4      | Noticed an ogre
   849 | D:4      | Killed an ogre
   849 | D:4      | Reached skill level 5 in Unarmed Combat
   849 | D:4      | Reached XP level 6. HP: 13/38 MP: 8/8
   895 | D:4      | Found a staircase to the Ecumenical Temple.
   903 | Temple   | Entered the Ecumenical Temple
   919 | Temple   | Became a worshipper of Xom of Chaos
   977 | Temple   | Fell from the grace of Xom
   977 | Temple   | Became a worshipper of Cheibriados the Contemplative
  1010 | D:4      | XOM: 2-stop teleportation journey
  1098 | D:4      | XOM: give mutations
  1098 | D:4      | Gained mutation: One of your tentacles bears a spike.
                  | [Xom's mischief]
  1098 | D:4      | Gained mutation: Your spells are a little easier to cast,
                  | but a little less powerful. [Xom's mischief]
  1098 | D:4      | Gained mutation: You are clumsy. (Dex -2) [Xom's mischief]
  1130 | D:4      | Found a sand-covered staircase.
  1138 | Ossuary  | Entered an ossuary
  1203 | Ossuary  | Reached skill level 6 in Unarmed Combat
  1245 | Ossuary  | XOM: 1-stop teleportation journey
  1289 | Ossuary  | Reached XP level 7. HP: 18/43 MP: 9/9
  1493 | Ossuary  | Reached skill level 7 in Unarmed Combat
  1493 | Ossuary  | XOM: give mutations
  1493 | Ossuary  | Gained mutation: Your body sometimes deteriorates upon
                  | taking damage. [Xom's mischief]
  1493 | Ossuary  | Gained mutation: You are very clumsy. (Dex -4) [Xom's
                  | mischief]
  1493 | Ossuary  | Lost mutation: One of your tentacles bears a spike. [Xom's
                  | mischief]
  1497 | Ossuary  | Lost mutation: Your body sometimes deteriorates upon taking
                  | damage. [potion of mutation]
  1497 | Ossuary  | Lost mutation: Your spells are a little easier to cast, but
                  | a little less powerful. [potion of mutation]
  1497 | Ossuary  | Gained mutation: You are frail. (-10% HP) [potion of
                  | mutation]
  1497 | Ossuary  | Gained mutation: You are partially covered in rugged brown
                  | scales. (AC +1, +3% HP) [potion of mutation]
  1537 | Ossuary  | Reached * piety under Cheibriados
  1756 | D:4      | Found Zairozxy's Weapon Boutique.
  2074 | D:2      | XOM: give mutations
  2074 | D:2      | Gained mutation: You have supernaturally acute eyesight.
                  | (SInv) [Xom's grace]
  2074 | D:2      | Gained mutation: You are resistant to electric shocks.
                  | (rElec) [Xom's grace]
  2074 | D:2      | Gained mutation: You have very sharp teeth. [Xom's grace]
  2074 | D:2      | Gained mutation: Your flesh is heat resistant. (rF+) [Xom's
                  | grace]
  2106 | D:2      | Reached ** piety under Cheibriados
  2110 | D:2      | Found a shadowy altar of Dithmenos.
  2364 | D:1      | XOM: give mutations
  2364 | D:1      | Lost mutation: You are very clumsy. (Dex -4) [Xom's
                  | mischief]
  2364 | D:1      | Gained mutation: You are dopey. (Int -2) [Xom's mischief]
  2364 | D:1      | Lost mutation: You are clumsy. (Dex -2) [Xom's mischief]
  2694 | D:3      | Found a runed translucent door.
  2695 | D:3      | Noticed Crazy Yiuf
  2701 | D:3      | Killed Crazy Yiuf
  2745 | D:3      | Slain by a gnoll

Levels and vault maps discovered:
D:1:      lemuel_arrival_hallway, layout_rooms, minmay_hexomino_c4
D:2:      layout_rooms, lemuel_doored_altar, minmay_misc_feat_rugged
D:3:      layout_basic, uniq_crazy_yiuf_cottage
D:4:      layout_layer_cave, minmay_temple_entry_purple_smoke,
          nicolae_ossuary_entry_monument, serial_shops, shop, first_ration,
          solitary_fountain, grunt_decor_cap, chequers_serial_rivers_micro_c,
          supply_closet_lemuel, kennysheep_orc_chapel, uniq_sigmund
Temple:   eino_temple_scatter_basement

Skill      XL: |  1  2  3  4  5  6  7 |
---------------+----------------------+-----
Stealth        | 2 4 |  4.0
Unarmed Combat | 2 4 5 6 7 |  7.9
Fighting       | |  1.0
Short Blades   | |  1.0
Dodging        | |  2.0
Evocations     | |  3.2

Action                   |  1- 3 |  4- 6 |  7- 9 || total
-------------------------+-------+-------+-------++-------
Melee: Short sword       |    55 |    15 |       ||    70
       Constrict         |    19 |     9 |    36 ||    64
       Tentacles         |     8 |     8 |    20 ||    36
       Unarmed           |       |    23 |   125 ||   148
       Kick              |       |    12 |     6 ||    18
       Punch             |       |     3 |     6 ||     9
       Bite              |       |       |     2 ||     2
Evoke: Wand              |    10 |    22 |     2 ||    34
  Use: Scroll            |       |     4 |     6 ||    10
       Potion            |       |     3 |     3 ||     6
 Stab: Sleeping          |     6 |     4 |    16 ||    26
       Distracted        |     1 |       |       ||     1
  Eat: Ration            |       |       |     1 ||     1
       Chunk             |       |       |     1 ||     1
Armor: Skin              |     7 |     1 |     9 ||    17
Dodge: Dodged            |    29 |    20 |    86 ||   135

Table legend:
 A = Non-vault XP
 B = Vault XP
 C = Vault XP percentage of total XP
 D = Non-vault monster count
 E = Vault monster count
 F = Vault count percentage of total count
                 A         B        C        D         E       F
            +---------+---------+-------+---------+---------+-------
      Total |     616 |     489 |  44.3 |      64 |      43 |  40.2
            +---------+---------+-------+---------+---------+-------
        D:1 |      28 |       5 |  15.2 |      15 |       5 |  25.0
        D:2 |      61 |       0 |   0.0 |      20 |       0 |   0.0
        D:3 |     116 |      41 |  26.1 |      16 |       1 |   5.9
        D:4 |     411 |       0 |   0.0 |      13 |       0 |   0.0
    Ossuary |       0 |     443 | 100.0 |       0 |      37 | 100.0
            +---------+---------+-------+---------+---------+-------
